 Dungeon Sprint DCSS version 0.29-a0-284-gf9362112df (webtiles) character file.

Game seed: 15089158081016819441

16528 mhtbhm the Phalangite (level 12, -11/134 HPs)
             Began as a Minotaur Berserker on Mar 26, 2022.
             Was the Champion of Trog.
             Killed from afar by Xtahua (58 damage)
             ... with a searing blast
             ... in the Dungeon (Sprint III: "The Ten Rune Challenge").
             The game lasted 00:05:28 (3483 turns).

mhtbhm the Phalangite (Minotaur Berserker)          Turns: 3483, Time: 00:05:29

Health: -11/134    AC: 17    Str: 25    XL:     12   Next: 10%
Magic:  11/11      EV: 12    Int:  8    God:    Trog [******]
Gold:   1031       SH:  0    Dex: 12    Spells: 11/11 levels left

rFire   . . .      SeeInvis .   a - +3 bardiche (flame)
rCold   . . .      Faith    .   (shield currently unavailable)
rNeg    . . .      Spirit   .   b - +2 chain mail {rPois}
rPois   +          Reflect  .   (helmet restricted)
rElec   .          Harm     .   (no cloak)
rCorr   .          Rampage  .   (no gloves)
Will    .....      NoTele   +   (no boots)
Stlth   ..........              (no amulet)
HPRegen 0.32/turn               (no ring)
MPRegen 0.12/turn               (no ring)

@: on berserk cooldown, slowed, very slow
A: horns 2, retaliatory headbutt, iridescent scales 1, clever 2, shaggy fur 1
a: Renounce Religion, Berserk, Trog's Hand, Brothers in Arms


You were in the Dungeon.
You worshipped Trog.
Trog was exalted by your worship.
You visited 1 branch You collected 1331 gold pieces.
You spent 300 gold pieces at shops.

Inventory:

Hand Weapons
 a - a +3 bardiche of flaming (weapon)
 q - a +0 hunting sling
 t - a +7 glaive
Missiles
 s - 4 javelins (quivered)
 u - 7 curare-tipped darts
Armour
 b - a +2 chain mail of poison resistance (worn)
Jewellery
 v - an amulet of reflection
Wands
 p - a wand of mindburst (10)
Scrolls
 j - a scroll of torment {unknown}
 k - a scroll of identify {unknown}
 m - a scroll of holy word {unknown}
 n - a scroll of fear {unknown}
Potions
 c - a potion of curing
 e - a potion of haste
 f - 2 potions of magic
 g - 2 potions of berserk rage
 i - a potion of degeneration {unknown}
 l - 4 potions of flight
 o - 2 potions of mutation
Miscellaneous
 r - a tin of tremorstones (2/2)


   Skills:
 + Level 20.3 Fighting
 + Level 23.8 Polearms
 + Level 13.0 Armour
 + Level 10.8 Dodging
 + Level 6.9 Stealth
 + Level 2.3 Evocations


You had 11 spell levels left.
You didn't know any spells.
Your spell library was empty.

Dungeon Overview and Level Annotations

Branches:
Dungeon (1/1)

Altars:
Cheibriados
Dithmenos
Elyvilon
Fedhas
Gozag
Hepliaklqana
Kikubaaqudgha
Makhleb
Nemelex Xobeh
Okawaru
Qazlal
Ru
Sif Muna
Trog
Uskayaw
Vehumet
Wu Jian
Xom
Yredelemnul
Zin
The Shining One
Beogh
Jiyva
Lugonu

Shops:
D ==!(

Annotations:
D Xtahua


Innate Abilities, Weirdness & Mutations

You have a pair of horns on your head.
You reflexively headbutt those who attack you in melee.
You are partially covered in iridescent scales. (AC +2)
Your mind is very acute. (Int +4)
You are covered in fur. (AC +1)


Message History

Xtahua the Ancient comes into view.
Xtahua is nearby!
Xtahua is nearby!
Xtahua is nearby!
You enter the shallow water.
Moving in this stuff is going to be slow.
You are too injured to fight recklessly!
You feel your anger nearly subside.
You are no longer berserk.
You are exhausted.
You feel yourself slow down.
You are too injured to fight recklessly!
Unknown command.
Your cyclops goes berserk!
Xtahua bites you. Xtahua claws you. Xtahua misses you.
Xtahua breathes fire at you. The searing blast hits you!!!
* * * LOW HITPOINT WARNING * * *
The searing blast hits your cyclops!!!!
Your cyclops dies!
Your cyclops's corpse disappears in a puff of smoke!
A six-headed hydra comes into view.
Unknown command.
Blink to where?
Press: ? - help, Dir - move target Really blink into a travel-excluded area?
Splash!
You fall into the shallow water.
Moving in this stuff is going to be slow.
As you read the scroll of blinking, it crumbles to dust.
You feel much better. Xtahua bites you!
* * * LOW HITPOINT WARNING * * *
Xtahua claws you.
* * * LOW HITPOINT WARNING * * *
Xtahua tramples you but does no damage.
Unknown command.
You feel much better. Xtahua bites you. Xtahua claws you but does no damage.
Xtahua barely misses you. Xtahua breathes fire at you.
The searing blast hits you!!!
You die...

♣)♣♣ ♣♣†♣
♣.♣♣ ♣†♣♣
♣..♣♣
♣♣≈♣♣D####♣♣
♣♣.♣♣.D≈[.♣
♣♣.≈♣♣♣♣♣♣D♣
♣....○○○°@.♣
♣....°°○°..♣
♣.♣.≈≈°°°..♣
♣♣♣♣♣♣♣♣∩∩∩♣
♣♣♣♣♣


You could see Xtahua (catching breath).

Vanquished Creatures
  Harold (D)
  3 fire dragons (D)
  2 hydras (D)
  A centaur warrior (D)
  Erica (D)
  Urug (D)
  A death drake (D)
  A lindwurm (D)
  Joseph (D)
  3 deep elf pyromancers (D)
  3 deep elf zephyrmancers (D)
  2 orc sorcerers (D)
  2 cane toads (D)
  An unseen horror (D)
  A komodo dragon (D)
  A rime drake (D)
  A queen bee (D)
  3 wandering mushrooms (D)
  2 tyrant leeches (D)
  A shadow (D)
  3 redbacks (D)
  A spatial vortex (D)
  2 hell hounds (D)
  A swamp drake (D)
  2 orc warriors (D)
  2 centaurs (D)
  An earth elemental (D)
  A necrophage (D)
  A water elemental (D)
  32 killer bees (D)
  An electric eel (D)
  A jelly (D)
  An orc priest (D)
  Jessica (D)
  An orc wizard (D)
  A wizard (D)
  A necromancer (D)
  3 humans (D)
  A kobold demonologist (D)
  A wolf (D)
  12 orcs (D)
  3 rats (D)
105 creatures vanquished.

Vanquished Creatures (others)
  3 plants (D)
3 creatures vanquished.

Grand Total: 108 creatures vanquished

Notes
Turn   | Place    | Note
-------+----------+-------------------------------------------
     0 | D        | mhtbhm the Minotaur Berserker began the quest for the Orb.
     0 | D        | Reached XP level 1. HP: 19/19 MP: 0/0
     9 | D        | Reached skill level 4 in Polearms
    37 | D        | Noticed Jessica
    43 | D        | Killed Jessica
    43 | D        | Reached ** piety under Trog
    44 | D        | Reached skill level 5 in Fighting
    44 | D        | Reached skill level 5 in Polearms
    44 | D        | Reached XP level 2. HP: 21/30 MP: 1/1
   170 | D        | Reached skill level 6 in Polearms
   170 | D        | Reached XP level 3. HP: 37/37 MP: 2/2
   197 | D        | Gained mutation: You are frail. (-10% HP) [potion of
                  | mutation]
   197 | D        | Gained mutation: Your body sometimes deteriorates upon
                  | taking damage. [potion of mutation]
   218 | D        | Lost mutation: Your body sometimes deteriorates upon taking
                  | damage. [potion of mutation]
   218 | D        | Lost mutation: You are frail. (-10% HP) [potion of
                  | mutation]
   218 | D        | Gained mutation: You sometimes lose the ability to read
                  | scrolls when taking damage. [potion of mutation]
   218 | D        | Gained mutation: Your muscles are strong. (Str +2) [potion
                  | of mutation]
   218 | D        | Gained mutation: You have hidden genetic potential. [potion
                  | of mutation]
   219 | D        | Lost mutation: Your muscles are strong. (Str +2) [potion of
                  | mutation]
   219 | D        | Lost mutation: You sometimes lose the ability to read
                  | scrolls when taking damage. [potion of mutation]
   219 | D        | Gained mutation: Your mind is acute. (Int +2) [potion of
                  | mutation]
   219 | D        | Gained mutation: Your mind is very acute. (Int +4) [potion
                  | of mutation]
   242 | D        | Noticed a water elemental
   246 | D        | Killed a water elemental
   246 | D        | Reached *** piety under Trog
   247 | D        | Reached skill level 8 in Polearms
   247 | D        | Reached XP level 4. HP: 48/48 MP: 3/3
   257 | D        | Gained mutation: You are partially covered in iridescent
                  | scales. (AC +2) [hidden potential]
   304 | D        | Found a basalt altar of Yredelemnul.
   304 | D        | Found a shadowy altar of Dithmenos.
   304 | D        | Found a sacrificial altar of Ru.
   304 | D        | Noticed a necrophage
   308 | D        | Reached XP level 5. HP: 55/55 MP: 4/4
   314 | D        | Reached skill level 9 in Polearms
   319 | D        | Gained mutation: You are covered in fur. (AC +1) [hidden
                  | potential]
   319 | D        | Lost mutation: You have hidden genetic potential. [hidden
                  | potential expressed]
   350 | D        | Found a hide-covered altar of Uskayaw.
   350 | D        | Found an iron altar of Okawaru.
   350 | D        | Found a bloodstained altar of Trog.
   350 | D        | Found an ornate altar of the Wu Jian Council.
   350 | D        | Noticed a human
   350 | D        | Noticed a human
   366 | D        | Killed a human
   367 | D        | Reached skill level 10 in Fighting
   367 | D        | Reached skill level 11 in Polearms
   367 | D        | Reached skill level 5 in Armour
   367 | D        | Reached skill level 5 in Dodging
   367 | D        | Reached XP level 6. HP: 67/67 MP: 5/5
   372 | D        | Killed a human
   372 | D        | Reached **** piety under Trog
   503 | D        | Found a glowing silver altar of Zin.
   503 | D        | Found a glowing golden altar of the Shining One.
   503 | D        | Found a white marble altar of Elyvilon.
   504 | D        | Noticed a deep elf pyromancer
   512 | D        | Killed a deep elf pyromancer
   513 | D        | Reached skill level 13 in Polearms
   513 | D        | Reached XP level 7. HP: 78/78 MP: 6/6
   574 | D        | Found a radiant altar of Vehumet.
   575 | D        | Found a shimmering blue altar of Sif Muna.
   575 | D        | Found an ancient bone altar of Kikubaaqudgha.
   580 | D        | Noticed a smoke demon
   585 | D        | Reached ***** piety under Trog
   703 | D        | Noticed a shadow
   714 | D        | Killed a shadow
   715 | D        | Reached skill level 14 in Polearms
   715 | D        | Reached skill level 1 in Stealth
   715 | D        | Reached XP level 8. HP: 46/86 MP: 7/7
   881 | D        | Found a blossoming altar of Fedhas.
   881 | D        | Found a stormy altar of Qazlal.
   881 | D        | Found a snail-covered altar of Cheibriados.
   881 | D        | Found a burning altar of Makhleb.
   881 | D        | Found a shimmering altar of Xom.
   882 | D        | Found a hazy altar of Hepliaklqana.
   882 | D        | Found an opulent altar of Gozag.
   882 | D        | Found a sparkling altar of Nemelex Xobeh.
   882 | D        | Found a corrupted altar of Lugonu.
   882 | D        | Found a viscous altar of Jiyva.
   938 | D        | Noticed Erica
   947 | D        | Killed Erica
   948 | D        | Reached skill level 15 in Polearms
  1233 | D        | Noticed a centaur warrior
  1239 | D        | Killed a centaur warrior
  1239 | D        | Received a gift from Trog
  1240 | D        | Reached skill level 15 in Fighting
  1240 | D        | Reached skill level 16 in Polearms
  1240 | D        | Reached XP level 9. HP: 97/97 MP: 8/8
  1300 | D        | Killed an unseen horror
  1301 | D        | Reached skill level 17 in Polearms
  1409 | D        | Noticed a wandering mushroom
  1415 | D        | Noticed a wandering mushroom
  1419 | D        | Killed a wandering mushroom
  1420 | D        | Noticed a wandering mushroom
  1426 | D        | Killed a wandering mushroom
  1430 | D        | Killed a wandering mushroom
  1430 | D        | Reached ****** piety under Trog
  1437 | D        | Noticed a cane toad
  1437 | D        | Noticed a komodo dragon
  1437 | D        | Noticed a cane toad
  1440 | D        | Killed a cane toad
  1441 | D        | Reached skill level 18 in Polearms
  1444 | D        | Killed a cane toad
  1445 | D        | Reached XP level 10. HP: 110/110 MP: 9/9
  1602 | D        | Received a gift from Trog
  1696 | D        | Reached skill level 19 in Polearms
  1703 | D        | Noticed a lindwurm
  1712 | D        | Killed a lindwurm
  1918 | D        | Noticed Urug
  1921 | D        | Killed Urug
  1922 | D        | Reached skill level 10 in Dodging
  1963 | D        | Received a gift from Trog
  1964 | D        | Reached skill level 5 in Stealth
  2001 | D        | Noticed Harold
  2001 | D        | Noticed Joseph
  2008 | D        | Killed Harold
  2009 | D        | Reached skill level 20 in Polearms
  2013 | D        | Killed Joseph
  2014 | D        | Reached XP level 11. HP: 113/121 MP: 10/10
  2153 | D        | Noticed an orc sorcerer
  2154 | D        | Found Sumauq's Jewellery Boutique.
  2154 | D        | Noticed an orc sorcerer
  2157 | D        | Received a gift from Trog
  2159 | D        | Killed an orc sorcerer
  2162 | D        | Killed an orc sorcerer
  2163 | D        | Reached skill level 21 in Polearms
  2163 | D        | Reached skill level 10 in Armour
  2165 | D        | Received a gift from Trog
  2345 | D        | Noticed a deep elf zephyrmancer
  2345 | D        | Noticed a deep elf zephyrmancer
  2345 | D        | Noticed a deep elf pyromancer
  2345 | D        | Noticed a deep elf zephyrmancer
  2345 | D        | Noticed a deep elf pyromancer
  2358 | D        | Killed a deep elf pyromancer
  2359 | D        | Killed a deep elf zephyrmancer
  2365 | D        | Killed a deep elf zephyrmancer
  2365 | D        | Received a gift from Trog
  2368 | D        | Killed a deep elf pyromancer
  2371 | D        | Killed a deep elf zephyrmancer
  2372 | D        | Reached skill level 22 in Polearms
  2452 | D        | Noticed a deep elf pyromancer
  2453 | D        | Noticed a deep elf demonologist
  2606 | D        | Noticed a deep elf annihilator
  2705 | D        | Received a gift from Trog
  2706 | D        | Reached skill level 1 in Evocations
  2707 | D        | Received a gift from Trog
  2708 | D        | Received a gift from Trog
  2716 | D        | Received a gift from Trog
  2734 | D        | Identified the +3 glaive of Viasmiug {vorpal, Drain rC++
                  | Str+4} (Trog gifted it to you in the Dungeon)
  2734 | D        | Received a gift from Trog
  2838 | D        | Noticed an eight-headed hydra
  2838 | D        | Noticed an eight-headed hydra
  2847 | D        | Killed a six-headed hydra
  2850 | D        | Killed a five-headed hydra
  2851 | D        | Reached skill level 23 in Polearms
  3092 | D        | Noticed a death drake
  3101 | D        | Killed a death drake
  3255 | D        | Noticed a fire dragon
  3262 | D        | Killed a fire dragon
  3351 | D        | Noticed a fire dragon
  3357 | D        | Killed a fire dragon
  3357 | D        | Received a gift from Trog
  3358 | D        | Reached XP level 12. HP: 107/133 MP: 11/11
  3452 | D        | Found Uruicao's Jewellery Emporium.
  3452 | D        | Found Ungown's Distillery.
  3452 | D        | Found Kuudd's Antique Weapon Shoppe.
  3463 | D        | Bought an amulet of reflection for 300 gold pieces
  3468 | D        | Noticed a fire dragon
  3474 | D        | Killed a fire dragon
  3476 | D        | Noticed Xtahua
  3479 | D        | HP: 6/134 [Xtahua/searing blast (46)]
  3479 | D        | Noticed a six-headed hydra
  3483 | D        | Killed from afar by Xtahua

Illustrated notes

Levels and vault maps discovered:
D:        dungeon_sprint_mu [sprint_mu_entry_forest, sprint_mu_temple_rooms,
          sprint_mu_d1_horrors, sprint_mu_d2_genie, sprint_mu_d3_branching,
          sprint_mu_orc_legion, sprint_mu_elf_gauntlet, sprint_mu_hive_nellie,
          sprint_mu_lair_fedhas, sprint_mu_vaults_butterflies,
          sprint_mu_slime_circle, sprint_mu_swamp_cave, sprint_mu_shoals_archi,
          sprint_mu_blade_basic, sprint_mu_crypt_lich, sprint_mu_tomb_spiral,
          sprint_mu_vestibule_basic, sprint_mu_gehenna_hellfire,
          sprint_mu_dis_giant, sprint_mu_tartarus_statrot,
          sprint_mu_cocytus_islands, sprint_mu_zot1]

Skill      XL: |  1  2  3  4  5  6  7  8  9 10 11 12 |
---------------+-------------------------------------+-----
Fighting       | 5 6 7 8 10 12 13 15 16 18 20 | 20.3
Polearms       | 5 6 8 11 13 14 16 18 20 23 | 23.8
Armour         | 3 4 5 6 7 8 9 12 13 | 13.0
Dodging        | 3 4 5 6 7 8 9 10 | 10.8
Stealth        | 1 2 3 5 6 |  6.9
Evocations     | 2 |  2.3

Action                   |  1- 3 |  4- 6 |  7- 9 | 10-12 || total
-------------------------+-------+-------+-------+-------++-------
Melee: Spear             |    25 |    36 |    71 |       ||   132
       Headbutt          |     3 |     6 |    18 |    18 ||    45
       Punch             |       |       |     1 |       ||     1
       Glaive            |       |       |    18 |    39 ||    57
       Bardiche          |       |       |       |   104 ||   104
Invok: Berserk           |     2 |     3 |     5 |     6 ||    16
       Brothers in Arms  |       |       |       |     1 ||     1
Evoke: Tin of tremorston |       |       |       |     5 ||     5
  Use: Potion            |     3 |       |       |     3 ||     6
       Scroll            |       |       |       |     1 ||     1
 Stab: Sleeping          |       |       |     1 |     4 ||     5
Armor: Robe              |       |     3 |       |       ||     3
       Leather armour    |       |     1 |     9 |     2 ||    12
       Scale mail        |       |       |       |     4 ||     4
       Chain mail        |       |       |       |    40 ||    40
Dodge: Dodged            |    11 |     5 |    15 |    71 ||   102

Table legend: (Time is in decaauts)
 A = Elapsed time spent in this place.
 B = Non-inter-level travel time spent in this place.
 C = Inter-level travel time spent in this place.
 D = Time resting spent in this place.
 E = Time spent auto-exploring this place.
 F = Levels seen in this place.
 G = Mean time per level.
                   A        B        C        D        E       F      G
               +--------+--------+--------+--------+--------+-----+--------+
         Total |   3573 |   3525 |     48 |   2601 |     49 |   1 | 3573.0 |
       Dungeon |   3573 |   3525 |     48 |   2601 |     49 |   1 | 3573.0 |
               +--------+--------+--------+--------+--------+-----+--------+

Top non-repeatable levels by time:
       D: 3573 daAuts
